 Dungeon Crawl Stone Soup version 0.23-a0-373-g305c090 (webtiles) character file.

44 Ijustatesigmund the Conjurer (level 3, 0/21 HPs)
             Began as an Octopode Conjurer on Oct 25, 2018.
             Killed from afar by an orc wizard (11 damage)
             ... with a puff of frost
             ... on level 2 of the Dungeon.
             The game lasted 00:02:01 (1449 turns).

Ijustatesigmund the Conjurer (Octopode Conjurer)    Turns: 1449, Time: 00:02:02

Health: 0/21       AC:  1    Str:  7    XL:     3   Next: 62%
Magic:  4/6        EV: 13    Int: 18    God:
Gold:   37         SH:  0    Dex: 12    Spells: 0/6 levels left

rFire    . . .     SeeInvis .   a - +0 spear
rCold    . . .     Gourm    .   (no shield)
rNeg     . . .     Faith    .   (helmet restricted)
rPois    .         Spirit   .   (no amulet)
rElec    .         Reflect  .   (no ring)
rCorr    .         Harm     .   (no ring)
MR       .....                  (no ring)
Stlth    +++.......             (no ring)
HPRegen  0.07/turn              (no ring)
MPRegen  0.10/turn              (no ring)
                                (no ring)
                                (no ring)

@: no status effects
A: almost no armour, stealthy swim, amphibious, 8 rings, constrict 8, camouflage
1, gelatinous body 1
a: no special abilities


You were on level 2 of the Dungeon.
You were not hungry.

You visited 1 branch of the dungeon, and saw 2 of its levels.

You collected 37 gold pieces.

Inventory:

Hand Weapons
 a - a +0 spear (weapon)
Potions
 c - a potion of heal wounds
Comestibles
 b - 2 rations


   Skills:
 - Level 2.0 Dodging
 - Level 2.6 Stealth
 - Level 2.0 Spellcasting
 - Level 5.0 Conjurations
 + Level 1.3 Hexes


You couldn't memorise any spells.
You knew the following spells:

 Your Spells              Type           Power        Failure   Level  Hunger
a - Magic Dart            Conj           ###.         2%          1    #......
b - Searing Ray           Conj           ###...       3%          2    ###....
c - Dazzling Spray        Conj/Hex       ##....       16%         3    ###....

Your spell library contained the following spells:

 Spells                   Type           Power        Failure   Level  Hunger
 Iskenderun's Mystic Bla  Conj           ###.....     22%         4    #####..
 Fulminant Prism          Conj/Hex       ##........   45%         4    #####..
 Force Lance              Conj/Tloc      ##......     54%         4    #####..


Dungeon Overview and Level Annotations

Branches:
Dungeon (2/15)

Altars:


Innate Abilities, Weirdness & Mutations

You cannot wear most types of armour.
You are very stealthy in the water. (Stealth+)
You are amphibious.
You can wear up to eight rings at the same time.
You can use your tentacles to constrict eight enemies at once.
Your skin changes colour to match your surroundings (Stealth+).
Your rubbery body absorbs attacks. (AC +1, EV +1)


Message History

Press: ? - help, Shift-Dir - straight line, f - orc
Aim: an orc, wielding a +0 club (resting)
The magic dart hits the orc.
The orc is heavily wounded.
The orc shouts! x2; The orc wizard shouts!
Casting: Magic Dart (safe; 2% risk of failure)
Confirm with . or Enter, or press ? or * to list all spells.
Aiming: Magic Dart (safe; 2% risk of failure)
Press: ? - help, Shift-Dir - straight line, f/p - orc
Aim: an orc, wielding a +0 club (heavily wounded)
The magic dart hits the orc.
The orc is almost dead.
The adder hisses angrily.
The orc wizard points at you and mumbles some strange words.
The magic dart hits you! The orc hits you with a +0 club.
The orc wizard casts a spell at you. The puff of frost hits you!
Ouch! That really hurt!
You die...

.#....
######..#..#
#..........
###........#
..oo......#
#.[o.....##.
#..o........
#..o@[..S..#
#.......##..
#......S...#
.............
...........###
.........#..
.............
..............


You could see an orc wizard, 2 adders and 4 orcs.

Vanquished Creatures
  A gnoll (D:1)
  2 dart slugs (D:1)
  2 bats (D:1)
  2 giant cockroaches (D:1)
  4 hobgoblins (D:1)
  2 kobolds (D:1)
  A frilled lizard (D:1)
  7 goblins (D:1)
  7 rats (D:1)
28 creatures vanquished.

Notes
Turn   | Place    | Note
-------+----------+-------------------------------------------
     0 | D:1      | Ijustatesigmund the Octopode Conjurer began the quest for
                  | the Orb.
     0 | D:1      | Reached XP level 1. HP: 11/11 MP: 3/3
    84 | D:1      | Reached XP level 2. HP: 16/17 MP: 0/5
    88 | D:1      | Learned a level 2 spell: Searing Ray
   398 | D:1      | Reached XP level 3. HP: 21/21 MP: 0/6
   412 | D:1      | Learned a level 3 spell: Dazzling Spray
   634 | D:1      | Reached skill level 5 in Conjurations
   878 | D:1      | Reached skill level 1 in Hexes
  1449 | D:2      | Killed from afar by an orc wizard

Vault maps used:
D:1:      evilmike_arrival_hilbert_curve, dk_noncrumbling_2, minmay_cut_off
D:2:      minmay_wonky_spiral

Skill      XL: |  1  2  3 |
---------------+----------+-----
Conjurations   | 5 |  5.0
Hexes          | 1 |  1.3
Dodging        | |  2.0
Stealth        | |  2.6
Spellcasting   | |  2.0

Action                   || total
-------------------------++-------
Melee: Unarmed           ||     4
       Constrict         ||     6
       Tentacles         ||     3
       Spear             ||    24
 Cast: Magic Dart        ||    34
  Use: Scroll            ||     3
 Stab: Sleeping          ||     3
  Eat: Ration            ||     1
Armor: Skin              ||     1
Dodge: Dodged            ||    12

Table legend:
 A = Non-vault XP
 B = Vault XP
 C = Vault XP percentage of total XP
 D = Non-vault monster count
 E = Vault monster count
 F = Vault count percentage of total count
                 A         B        C        D         E       F
            +---------+---------+-------+---------+---------+-------
      Total |      53 |      11 |  17.2 |      23 |       5 |  17.9
            +---------+---------+-------+---------+---------+-------
        D:1 |      53 |      11 |  17.2 |      23 |       5 |  17.9
            +---------+---------+-------+---------+---------+-------
